 Dungeon Crawl Stone Soup version 0.16-a0-1120-gd281f79 (webtiles) character file.

7754 RobertPalmer the Spry (level 11, -9/64 HPs)
             Began as an Octopode Gladiator on Oct 6, 2014.
             Was a Believer of Qazlal.
             Mangled by a troll (11 damage)
             ... on level 9 of the Dungeon.
             The game lasted 00:33:25 (11468 turns).

RobertPalmer the Spry (Octopode Gladiator)         Turns: 11468, Time: 00:33:26

Health: -9/64      AC:  3    Str: 14    XL:     11   Next: 20%
Magic:  11/11      EV: 21    Int: 14    God:    Qazlal [**....]
Gold:   265        SH:  3    Dex: 13    Spells: 1 memorised, 7 levels left

rFire  . . .     SeeInvis .     a - +4 dagger (elec)
rCold  . . .     Clarity  .     (no shield)
rNeg   . . .     SustAb   .     c - +2 hat
rPois  +         Gourm    .     (no amulet)
rElec  .         Spirit   .     r - ring of protection from magic
rCorr  .         Warding  .     I - ring of poison resistance
rMut   .         Stasis   .     (no ring)
MR     +....                    (no ring)
Stlth  ++........               (no ring)
                                (no ring)
                                (no ring)
                                (no ring)

@: somewhat resistant to hostile enchantments, unstealthy
A: almost no armour, amphibious, 8 rings, constrict 8, camouflage 1, gelatinous
body 1
a: Upheaval, Renounce Religion


You were on level 9 of the Dungeon.
You worshipped Qazlal.
Qazlal was pleased with you.
You were not hungry.

You visited 2 branches of the dungeon, and saw 10 of its levels.
You also visited: Bailey.

You collected 615 gold pieces.
You spent 350 gold pieces at shops.


Innate Abilities, Weirdness & Mutations

You cannot wear most types of armour.
You are amphibious.
You can wear up to eight rings at the same time.
You can use your tentacles to constrict many enemies at once.
Your skin changes colour to match your surroundings (Stealth).
Your rubbery body absorbs attacks (AC +1).


   Skills:
 - Level 2.0 Fighting
 - Level 5.0 Short Blades
   Level 4.0 Maces & Flails
 - Level 2.0 Throwing
 + Level 15.3 Dodging


You had 7 spell levels left.
You knew the following spells:

 Your Spells              Type           Power        Failure   Level  Hunger
a - Ozocubu's Armour      Chrm/Ice       #.......     83%         3    ####...

Inventory:

Hand weapons
 a - a +4 dagger of electrocution (weapon)
 b - a +0 blowgun
 K - the +8 glaive of Plunder {antimagic, SInv}
   (You found it in a bailey)

   It disrupts the flow of magical energy around spellcasters and certain
   magical creatures (including the wielder).
   It enhances your eyesight.
 N - a +0 war axe of chopping
Missiles
 d - a throwing net
 s - 10 javelins (quivered)
 v - 23 poisoned needles
 D - 9 curare-tipped needles
Armour
 c - a +2 hat (worn)
Magical devices
 p - a wand of cold (0)
 F - a wand of magic darts (31)
 H - a wand of paralysis (1)
 L - a wand of frost (26)
 Q - a wand of fire (4)
Comestibles
 f - 6 bread rations
 g - 5 fruits
 k - a chunk of soldier ant flesh {@*1}
 l - 2 slices of pizza
 n - 2 meat rations
 q - a chunk of worker ant flesh {@*1}
 G - a beef jerky
Scrolls
 e - a scroll of fog {unknown}
 h - 6 scrolls of enchant armour
 j - a scroll of blinking
 o - 4 scrolls of amnesia
 t - a scroll of silence {unknown}
 A - 2 scrolls of teleportation {unknown}
 B - 2 scrolls of remove curse
 C - a scroll of torment {unknown}
 J - a scroll of summoning {unknown}
 R - a scroll of immolation {unknown}
Jewellery
 r - a ring of protection from magic (left tentacle)
 I - a ring of poison resistance (right tentacle)
Potions
 i - 4 potions of restore abilities
 m - a potion of lignification {unknown}
 u - 3 potions of might
 w - a potion of brilliance {unknown}
 x - 2 potions of agility
 y - 5 potions of curing
 E - 2 potions of poison {unknown}
 M - 2 potions of berserk rage {unknown}
 P - a potion of invisibility
Books
 z - a book of Frost
Magical staves
 O - an uncursed staff of summoning

Dungeon Overview and Level Annotations

Branches:
Dungeon (9/15)             Temple (1/1) D:6
    Orc: D:9-12        Lair: D:8-11

Altars:
Ashenzari
Cheibriados
Dithmenos
Elyvilon
Fedhas
Gozag
Kikubaaqudgha
Makhleb
Nemelex Xobeh
Okawaru
Qazlal
Ru
Sif Muna
Trog
Vehumet
Xom
Yredelemnul
The Shining One
Jiyva

Shops:
D:5 (   D:6 *}   D:7 !

Annotations:
D:3 Bloax's ghost, average TrTm
D:6 RobertPalmer's ghost, experienced OpGl

.......###..........#
...........#####.####
♣♣♣♣♣♣.##### #.# ♣♣#
#.# ##.# #..# #.##
##'### #..@.# #...T#
#.'....# ###....(
#....## ######


You could see a troll.


Message History

The troll is poisoned.
The troll convulses.
The troll seems to slow down.
The troll is lightly wounded.
You hear the crackle of electricity.
a - a +4 dagger of electrocution (weapon)
You hit the troll.
There is a sudden explosion of sparks!
You squeeze the troll!
The troll is severely wounded.
You barely miss the troll.
The troll is severely wounded.
You barely miss the troll.
The troll is severely wounded.
The troll bites you. The troll claws you! You block the troll's attack.
You hit the troll.
The troll is severely wounded.
You barely miss the troll.
The troll is almost dead.
The troll bites you! The troll claws you!
* * * LOW HITPOINT WARNING * * *
The troll claws you but does no damage.
You are too injured to fight recklessly!
You barely miss the troll.
The troll is almost dead.
You hit the troll.
The troll is almost dead.
The troll bites you!
* * * LOW HITPOINT WARNING * * *
The troll claws you!
* * * LOW HITPOINT WARNING * * *
The troll claws you!
You die...

Action                   |  1- 3 |  4- 6 |  7- 9 | 10-12 || total
-------------------------+-------+-------+-------+-------++-------
Melee: Flail             |    40 |       |       |       ||    40
       Dagger            |    47 |   190 |   278 |   275 ||   790
 Fire: Blowgun           |       |       |    61 |    42 ||   103
Throw: Javelin           |       |     5 |    12 |     1 ||    18
       Throwing net      |       |     3 |     3 |       ||     6
Evoke: Wand              |       |     1 |     2 |     9 ||    12
  Use: Scroll            |     6 |     5 |     7 |     2 ||    20
       Potion            |     1 |     3 |     4 |     3 ||    11
 Stab: Sleeping          |       |     4 |     8 |     8 ||    20
       Held in net/web   |       |       |     5 |       ||     5
       Invisible         |       |       |     4 |     2 ||     6
       Distracted        |       |       |     1 |       ||     1
       Paralysed         |       |       |       |     3 ||     3
  Eat: Chunk             |     2 |     9 |     6 |    12 ||    29

Vault maps used:
D:1:      lemuel_arrival_hallway
D:2:      minmay_misc_feat_enclosed, uniq_iyjb
D:3:      minmay_quantized
D:4:      grunt_temple_overflow_open, zin_angel, kennysheep_mini,
          lemuel_doored_altar, first_bread, grunt_tough_drop
D:5:      minmay_opposing_rooms, serial_shops, shop
D:6:      lemuel_crystal_altar, minmay_temple_entry_hall, basic_altar,
          serial_shops, nicolae_shop_statue_plus, guppyfry_shop_venom,
          uniq_grinder
D:7:      serial_shops, shop, uniq_blork_the_orc
D:8:      vehumet_altar_wand_db, grunt_temple_overflow_diamond, enter_bailey_3,
          uniq_grum
D:9:      hangedman_tree_tricks, zaba_anthell
Temple:   pf_slimified_temple
Bailey:   bailey_polearm_1, bailey

Notes
Turn   | Place    | Note
--------------------------------------------------------------
     0 | D:1      | RobertPalmer, the Octopode Gladiator, began the quest for the Orb.
     0 | D:1      | Reached XP level 1. HP: 14/14 MP: 1/1
   288 | D:1      | Reached XP level 2. HP: 16/19 MP: 2/2
   759 | D:1      | Reached skill level 4 in Maces & Flails
   892 | D:2      | Reached skill level 1 in Short Blades
   892 | D:2      | Reached XP level 3. HP: 21/24 MP: 3/3
  1155 | D:2      | Reached skill level 2 in Short Blades
  1415 | D:2      | Reached XP level 4. HP: 26/29 MP: 4/4
  1569 | D:2      | Noticed Ijyb
  1590 | D:2      | Killed Ijyb
  1590 | D:2      | Reached skill level 3 in Short Blades
  2000 | D:2      | Reached XP level 5. HP: 28/34 MP: 5/5
  2244 | D:3      | Reached skill level 4 in Short Blades
  2343 | D:3      | Noticed Bloax's ghost (average TrTm)
  2895 | D:3      | Reached XP level 6. HP: 37/39 MP: 6/6
  3048 | D:3      | Reached skill level 5 in Short Blades
  3219 | D:4      | Found an opulent altar of Gozag.
  3221 | D:4      | Found a white marble altar of Elyvilon.
  3694 | D:4      | Found a shadowy altar of Dithmenos.
  3749 | D:4      | Found a bloodstained altar of Trog.
  3766 | D:4      | Reached skill level 4 in Dodging
  4327 | D:5      | Entered Level 5 of the Dungeon
  4574 | D:5      | Reached skill level 5 in Dodging
  4574 | D:5      | Reached XP level 7. HP: 38/45 MP: 7/7
  4703 | D:5      | Reached skill level 6 in Dodging
  4767 | D:5      | Found Crycaok's Antique Weapon Boutique.
  5092 | D:5      | Reached skill level 7 in Dodging
  5177 | D:6      | Found Jyant's Gadget Shop.
  5219 | D:6      | Reached XP level 8. HP: 50/50 MP: 8/8
  5227 | D:6      | Noticed Grinder
  5257 | D:6      | Noticed RobertPalmer's ghost (experienced OpGl)
  5394 | D:6      | Found Gafa's Serpentskin Sales.
  5400 | D:6      | Reached skill level 8 in Dodging
  5441 | D:6      | Bought an uncursed ring of poison resistance for 240 gold pieces
  5441 | D:6      | Bought 7 curare-tipped needles for 50 gold pieces
  5696 | D:6      | Found a radiant altar of Vehumet.
  5749 | D:6      | Found a staircase to the Ecumenical Temple.
  5758 | Temple   | Entered the Ecumenical Temple
  6043 | D:6      | Reached skill level 9 in Dodging
  6068 | D:6      | Found a glowing golden altar of the Shining One.
  6109 | D:6      | Killed Grinder
  6121 | D:6      | Reached XP level 9. HP: 37/54 MP: 9/9
  6456 | D:6      | Reached skill level 10 in Dodging
  6715 | D:7      | Noticed Blork the orc
  6727 | D:7      | Killed Blork the orc
  6952 | D:7      | Found Sotiqiq's Distillery.
  6962 | D:7      | Bought a potion of invisibility for 60 gold pieces
  7460 | D:7      | Reached skill level 11 in Dodging
  7990 | D:8      | Found a radiant altar of Vehumet.
  8009 | D:8      | Found a flagged portal.
  8031 | Bailey   | Entered a bailey
  8397 | Bailey   | Reached skill level 12 in Dodging
  8417 | Bailey   | Noticed an orc knight
  8430 | Bailey   | Killed an orc knight
  8430 | Bailey   | Reached XP level 10. HP: 44/60 MP: 10/10
  8469 | Bailey   | Got a pitted glaive
  8473 | Bailey   | Identified the +8 glaive of Plunder {antimagic, SInv} (You found it in a bailey)
  8850 | D:8      | Got a scintillating wooden ring
  8852 | D:8      | Identified the ring "Vimac" {Int-2 Stlth-} (You found it on level 8 of the Dungeon)
  9046 | D:8      | Noticed Grum
  9046 | D:8      | Reached skill level 13 in Dodging
  9073 | D:8      | Killed Grum
  9503 | D:8      | Learned a level 3 spell: Ozocubu's Armour
  9632 | D:8      | Found a sacrificial altar of Ru.
  9635 | D:8      | Found a shimmering altar of Xom.
  9638 | D:8      | Found a stormy altar of Qazlal.
  9668 | D:8      | Became a worshipper of Qazlal Stormbringer
 10570 | D:9      | Acquired Qazlal's first power
 10570 | D:9      | Reached skill level 14 in Dodging
 11011 | D:9      | Reached XP level 11. HP: 42/64 MP: 11/11
 11091 | D:9      | Acquired Qazlal's second power
 11172 | D:9      | Reached skill level 15 in Dodging
 11468 | D:9      | HP: 2/64 [troll (11)]
 11468 | D:9      | Mangled by a troll

Vanquished Creatures
  An orc knight (Bailey)
  A queen ant (D:9)
  Grinder (D:6)
  Grum (D:8)
  A deep elf mage (D:9)
  3 wolves (D:8)
  A hippogriff (D:7)
  A hungry ghost (D:9)
  13 soldier ants (D:9)
  8 orc warriors
  2 water moccasins (D:6)
  A sky beast (D:5)
  5 ogres
  2 ice beasts (D:9)
  A centaur (D:8)
  Blork the orc (D:7)
  5 giant frogs
  A water moccasin zombie (D:9)
  A wyvern zombie (D:9)
  A wyvern skeleton (D:8)
  3 wights (D:7)
  2 goliath beetles (D:6)
  2 crimson imps
  A yak skeleton (D:8)
  2 hounds
  3 orc priests
  A quasit (D:8)
  2 centaur skeletons
  A gnoll shaman (D:6)
  7 orc wizards
  2 iguanas
  39 worker ants
  Ijyb (D:2)
  An ogre skeleton (D:5)
  A hound skeleton (D:5)
  2 worker ant zombies
  15 adders
  3 gnolls (D:6)
  An orc zombie (D:5)
  2 shadow imps
  5 worms
  2 iguana zombies
  3 giant geckos
  54 orcs
  A bat skeleton (D:5)
  12 giant cockroaches
  14 goblins
  20 hobgoblins
  7 jackals
  21 kobolds
  8 quokkas
  3 ball pythons
  19 bats
  A giant cockroach zombie (D:6)
  A giant gecko zombie (D:5)
  11 giant newts
  A giant spore (D:7)
  A hobgoblin skeleton (D:6)
  A kobold skeleton (D:8)
  16 rats
  A rat skeleton (D:6)
  A ballistomycete (D:7)
345 creatures vanquished.
